 Dungeon Crawl Stone Soup version 0.29-a0-834-g1e95ca9f62 (webtiles) character file.

Game seed: 8092541896025844375

107298 spaghetti the Bludgeoner (level 16, -6/141 HPs)
             Began as a Gnoll Berserker on July 12, 2022.
             Was an Elder of Trog.
             Killed from afar by a spark wasp (22 damage)
             ... with a living lightning
             ... led by a torpor snail
             ... on level 3 of the Spider Nest.
             The game lasted 00:49:20 (33652 turns).

spaghetti the Bludgeoner (Gnoll Berserker)         Turns: 33652, Time: 00:49:21

Health: -6/141     AC: 29    Str: 29      XL:     16   Next: 46%
Magic:  5/31       EV: 16    Int:  7      God:    Trog [****..]
Gold:   1529       SH:  7    Dex: 13 (14) Spells: 37/37 levels left

rFire   . . .      SeeInvis .   J - +5 morningstar (freeze) {mace}
rCold   . . .      Faith    +   B - +0 buckler {reflect}
rNeg    . . .      Spirit   .   E - +0 plate armour
rPois   +          Reflect  +   a - +2 helmet
rElec   .          Harm     .   p - +2 cloak {rCorr}
rCorr   +          Rampage  .   (no gloves)
Will    ++...                   V - +1 pair of boots
Stlth   +.........              b - amulet of faith {!P}
HPRegen 1.33/turn               l - +4 ring of protection
MPRegen 0.22/turn               Q - ring of Wifoimea {Will- EV+4 Str+7 Dex+2 Stlth+}

@: strong-willed (expiring), on berserk cooldown, regenerating (expiring),
slowed, studying Maces & Flails, very slow
A: fangs 1, strong nose, distributed training, dopey 1, poison resistance,
robust 1
a: Renounce Religion, Berserk, Trog's Hand, Brothers in Arms


You were on level 3 of the Spider Nest.
You worshipped Trog.
Trog was greatly pleased with you.
You visited 4 branches of the dungeon, and saw 26 of its levels.
You also visited: Gauntlet.

You collected 2668 gold pieces.
You spent 1139 gold pieces at shops.


Innate Abilities, Weirdness & Mutations

You have very sharp teeth.
Your uncanny sense of smell can sniff out nearby items.
Your experience applies equally to all skills.
You are dopey. (Int -2)
Your system is resistant to poisons. (rPois)
You are robust. (+10% HP)


   Skills:
 + Level 12.9 Fighting
 + Level 11.3 Short Blades
 + Level 11.3 Long Blades
 + Level 11.3 Axes
 + Level 16.6 Maces & Flails
 + Level 11.3 Polearms
 + Level 11.3 Staves
 + Level 11.3 Ranged Weapons
 + Level 11.3 Throwing
 + Level 12.1 Armour
 + Level 12.1 Dodging
 + Level 11.3 Stealth
 + Level 11.3 Shields
 + Level 11.3 Unarmed Combat
 + Level 11.3 Spellcasting
 + Level 9.5 Conjurations
 + Level 9.5 Hexes
 + Level 9.5 Summonings
 + Level 9.5 Necromancy
 + Level 9.5 Translocations
 + Level 9.5 Transmutations
 + Level 9.5 Fire Magic
 + Level 9.5 Ice Magic
 + Level 9.5 Air Magic
 + Level 9.5 Earth Magic
 + Level 9.5 Poison Magic
 + Level 12.2 Invocations
 + Level 11.3 Evocations


You had 37 spell levels left.
You didn't know any spells.
Your spell library contained the following spells:

 Spells                   Type           Power      Damage    Failure   Level
 Foxfire                  Conj/Fire      68%        2x1d7     2%          1
 Freeze                   Ice            68%        1d8       2%          1
 Magic Dart               Conj           68%        1d6       2%          1
 Shock                    Conj/Air       68%        1d7       2%          1
 Blink                    Tloc           34%        N/A       3%          2
 Poisonous Vapours        Pois/Air       34%        N/A       3%          2
 Searing Ray              Conj           34%        2d5       3%          2
 Static Discharge         Conj/Air       17%        3-6/arc   3%          2
 Conjure Flame            Conj/Fire      17%        6-21      7%          3
 Frozen Ramparts          Ice            34%        1d5       7%          3
 Gell's Gravitas          Tloc           17%        N/A       7%          3
 Inner Flame              Hex/Fire       17%        N/A       7%          3
 Lesser Beckoning         Tloc           17%        N/A       7%          3
 Stone Arrow              Conj/Erth      34%        3d9       7%          3
 Swiftness                Air            17%        N/A       7%          3
 Teleport Other           Tloc           17%        N/A       7%          3
 Airstrike                Air            8%         0-4+      24%         4
 Animate Armour           Summ/Erth      34%        N/A       24%         4
 Corpse Rot               Necr/Pois/Air  17%        N/A       24%         4
 Flame Wave               Conj/Fire      17%        2d6       24%         4
 Fulminant Prism          Conj/Hex       8%         3d7       24%         4
 Hailstorm                Conj/Ice       17%        3d6       24%         4
 Ice Form                 Ice/Tmut       17%        N/A       24%         4
 Passage of Golubria      Tloc           17%        N/A       24%         4
 Summon Ice Beast         Ice/Summ       17%        N/A       24%         4
 Lightning Bolt           Conj/Air       8%         1d21      54%         5
 Manifold Assault         Tloc           17%        N/A       54%         5
 Silence                  Hex/Air        8%         N/A       54%         5
 Summon Forest            Summ/Tloc      8%         N/A       54%         5
 Eringya's Noxious Bog    Tmut/Pois      8%         N/A       98%         6
 Summon Hydra             Summ           8%         N/A       100%        7
 Lehudib's Crystal Spear  Conj/Erth      8%         10d4      100%        8
 Maxwell's Capacitive Co  Air            8%         โˆž       100%        8

Inventory:

Hand Weapons
 w - a +2 antimagic dire flail {mace}
   (Trog gifted it to you on level 2 of the Spider Nest)
 J - a +5 morningstar of freezing (weapon) {mace}
   (You took it off a wight on level 6 of the Dungeon)
Missiles
 d - 64 poisoned darts {throwing}
 e - 2 silver boomerangs {throwing}
 C - 141 stones (quivered) {throwing}
 D - 3 curare-tipped darts {=fthrowing}
 G - 28 boomerangs {throwing}
 K - 12 javelins {throwing}
 T - 5 atropa-tipped darts {throwing}
Armour
 a - a +2 helmet (worn)
   (You took it off Robin on level 3 of the Dungeon)
 p - a +2 cloak of preservation (worn)
   (You took it off Crazy Yiuf on level 7 of the Dungeon)
 B - a +0 buckler of reflection (worn)
   (You bought it in a shop on level 2 of the Orcish Mines)
 E - a +0 plate armour (worn)
   (You found it on level 6 of the Dungeon)
 V - a +1 pair of boots (worn)
   (You found it on level 3 of the Spider Nest)
Jewellery
 b - an amulet of faith (around neck) {!P}
   (You found it on level 7 of the Dungeon)
 l - a +4 ring of protection (left hand)
   (You found it on level 1 of the Spider Nest)
 P - a +4 ring of protection
   (You found it on level 2 of the Spider Nest)
 Q - the ring of Wifoimea (right hand) {Will- EV+4 Str+7 Dex+2 Stlth+}
   (You bought it in a shop on level 2 of the Orcish Mines)

   [ring of evasion]

   EV:        It affects your evasion (+4).
   Str:       It affects your strength (+7).
   Dex:       It affects your dexterity (+2).
   Will:      It decreases your willpower.
   Stlth:     It makes you more stealthy.
Wands
 x - a wand of iceblast (33)
   (You found it on level 2 of the Dungeon)
 y - a wand of paralysis (10)
   (You took it off an orc priest on level 12 of the Dungeon)
 L - a wand of mindburst (5)
   (You found it on level 2 of the Spider Nest)
 M - a wand of acid (18)
   (You found it on level 9 of the Dungeon)
 U - a wand of flame (35)
   (You found it on level 4 of the Lair of Beasts)
 Y - a wand of digging (20)
   (You found it on level 5 of the Lair of Beasts)
Scrolls
 h - 11 scrolls of teleportation {@r4}
 i - a scroll of identify {@r1}
 m - 4 scrolls of magic mapping {!r}
 o - 7 scrolls of blinking {!r}
 r - 3 scrolls of vulnerability {!r!r}
 A - a scroll of brand weapon
 H - 3 scrolls of poison {!r}
 N - a scroll of fog
 R - 7 scrolls of immolation {!r!r}
 W - 4 scrolls of enchant weapon
 X - 2 scrolls of enchant armour
 Z - a scroll of silence {!r}
Potions
 c - 5 potions of ambrosia
 f - a potion of cancellation
 g - 8 potions of curing {@q1}
 j - 10 potions of haste {@q3}
 k - 3 potions of mutation {!q}
 n - a potion of invisibility
 q - 4 potions of resistance
 s - 3 potions of lignification {!q}
 t - 6 potions of heal wounds {@q2}
 F - 7 potions of flight
 I - 2 potions of attraction {!q}
Miscellaneous
 v - a phial of floods
   (You found it on level 13 of the Dungeon)
 O - a phantom mirror
   (You found it on level 5 of the Lair of Beasts)
 S - a lightning rod (4/4)
   (You found it in a Gauntlet)

Dungeon Overview and Level Annotations

Branches:
Dungeon (15/15) Zot: 25982  Temple (0/1) D:4            Lair (5/6) D:9 Zot: 22758
 Shoals (0/4) Lair:4       Spider (4/4) Lair:4 Zot: 18357     Orc (2/2) D:9 Zot: 10165
    Elf (0/3) Orc:2        Vaults (0/5) D:14         Depths (0/4) D:15
Gauntlet (visited)
  Slime: Lair:5-6

Altars:
Ashenzari
Dithmenos
Elyvilon
Makhleb
Nemelex Xobeh
Okawaru
Qazlal
Sif Muna
Trog
Xom
Zin
Jiyva

Shops:
D:2 :   D:7 ?   D:9 :   Orc:1 (   Orc:2 *!:=

Annotations:
D:10 1 exclusion
D:11 2 transporters, zeratav's ghost, novice TrFi
D:12 1 exclusion
D:13 2 exclusions
D:15 2 transporters, Myatze's ghost, journeyman FeSu
Lair:1 1 exclusion
Lair:4 exclusion: culicivora
Spider:3 1 exclusion
Spider:4 Mlioglotl

#.......##.......###....
#.......##.......##.....
#.....^.##..............
#.........##......#.....
######....#######........
#.####.....### #..#.#....
##......#..^.###..#.#####
#....###.โ€ .......##### #
##.#####@........##..####
#.####.........##.......
###..##...^...............
#^................#^......
###..##..........##.......
##.###........###.......
##....#Oยง......###^......
#.###...y.......#........
### ##.........##.^......


You could see a spark wasp (ally target) and a friendly ogre (summoned,
berserk).


Message History

Unknown command.
Unknown command.
Unknown command.
You fail to use your ability.
The spark wasp closely misses you. The redback barely misses you.
The jumping spider leaps!
The spark wasp stings you but does no damage.
The demonic crawler closely misses you. x2
You block the demonic crawler's attack. You block the redback's attack.
The jumping spider leaps!
The demonic crawler misses you.
The demonic crawler hits you but does no damage.
The demonic crawler closely misses you.
The spark wasp closely misses you. ๐Ÿ˜จ HP[+2]
You regained 2 hp, and now have 61/141 hp.
Unknown command.
Unknown command.
Unknown command.
You fail to use your ability.
The redback closely misses you. The spark wasp stings you.
* * * LOW HITPOINT WARNING * * *
The spark wasp shocks you!
* * * LOW HITPOINT WARNING * * *
Your ogre hits the jumping spider with a +0 giant club!
The jumping spider dies!
Trog accepts your kill.
The demonic crawler shrieks in warning!
The redback bites you but does no damage.
The spark wasp closely misses you. The demonic crawler closely misses you.
The demonic crawler hits you.
* * * LOW HITPOINT WARNING * * *
The demonic crawler barely misses you. ๐Ÿ˜จ HP[-18] MP[+1]
You take 18 damage, and now have 43/141 hp.
Unknown command.
Unknown command.
Unknown command.
Your ogre goes berserk!
You can no longer call in reinforcements.
Your ogre hits the demonic crawler with a +0 giant club!!!
The redback barely misses you.
The spark wasp stings you but does no damage.
The demonic crawler hits your ogre.
The demonic crawler barely misses your ogre.
The demonic crawler hits your ogre! The redback bites you.
* * * LOW HITPOINT WARNING * * *
The spark wasp stings you!
* * * LOW HITPOINT WARNING * * *
The spark wasp shocks you!
* * * LOW HITPOINT WARNING * * *
Your ogre hits the demonic crawler with a +0 giant club!!
The demonic crawler dies!
Trog accepts your kill. The redback bites you.
* * * LOW HITPOINT WARNING * * *
Unknown command. ๐Ÿ˜ฑ HP[-27]
You take 27 damage, and now have 16/141 hp.
Unknown command.
Okay, then.
As you read the scroll of fear, it crumbles to dust.
You assume a fearsome visage.
The spark wasp looks frightened!
The redback resists with some effort.
Your ogre misses the spark wasp.
The redback bites you but does no damage. x2 ๐Ÿ˜ฑ HP[+2]
You regained 2 hp, and now have 18/141 hp.
Unknown command.
Unknown command.
Unknown command.
You closely miss the redback.
The redback bites you but does no damage. ๐Ÿ˜ฑ HP[+1] MP[+1]
You hit the redback but do no damage. The redback bites you.
* * * LOW HITPOINT WARNING * * *
The redback bites you.
* * * LOW HITPOINT WARNING * * *
๐Ÿ˜ฑ HP[-8]
You take 8 damage, and now have 11/141 hp.
You puncture the redback! You freeze the redback.
You feel the effects of Trog's Hand fading.
The redback misses you. ๐Ÿ˜ฑ HP[+2]
You regained 2 hp, and now have 13/141 hp.
You impale the redback!! You freeze the redback.
You kill the redback!
Trog accepts your kill.
You can now call in reinforcements.
The spark wasp stings your ogre!! The spark wasp shocks your ogre!
Your ogre hits the spark wasp with a +0 giant club!!! ๐Ÿ˜ฑ HP[+1] Unknown command.
Unknown command.
Your ogre closely misses the spark wasp.
The spark wasp completely misses your ogre.
Your ogre hits the spark wasp with a +0 giant club!
The spark wasp bursts into living lightning!
The living lightning hits your ogre!
Your ogre dies!
Your ogre's corpse disappears in a puff of smoke!
The living lightning hits you!!
You die...

Skill      XL: |  1  2  3  4  5  6  7  8  9 10 11 12 13 14 15 16 |
---------------+-------------------------------------------------+-----
Invocations    | 1 2 3 4 5 6 7 8 9 10 11 12 | 12.2
Short Blades   | 1 2 3 5 6 7 8 9 10 11 | 11.3
Long Blades    | 1 2 3 5 6 7 8 9 10 11 | 11.3
Axes           | 1 2 3 5 6 7 8 9 10 11 | 11.3
Polearms       | 1 2 3 5 6 7 8 9 10 11 | 11.3
Staves         | 1 2 3 5 6 7 8 9 10 11 | 11.3
Ranged Weapons | 1 2 3 5 6 7 8 9 10 11 | 11.3
Throwing       | 1 2 3 5 6 7 8 9 10 11 | 11.3
Stealth        | 1 2 3 5 6 7 8 9 10 11 | 11.3
Shields        | 1 2 3 5 6 7 8 9 10 11 | 11.3
Unarmed Combat | 1 2 3 5 6 7 8 9 10 11 | 11.3
Spellcasting   | 1 2 3 5 6 7 8 9 10 11 | 11.3
Evocations     | 1 2 3 5 6 7 8 9 10 11 | 11.3
Conjurations   | 1 2 3 4 5 6 7 8 9 |  9.5
Hexes          | 1 2 3 4 5 6 7 8 9 |  9.5
Summonings     | 1 2 3 4 5 6 7 8 9 |  9.5
Necromancy     | 1 2 3 4 5 6 7 8 9 |  9.5
Translocations | 1 2 3 4 5 6 7 8 9 |  9.5
Transmutations | 1 2 3 4 5 6 7 8 9 |  9.5
Fire Magic     | 1 2 3 4 5 6 7 8 9 |  9.5
Ice Magic      | 1 2 3 4 5 6 7 8 9 |  9.5
Air Magic      | 1 2 3 4 5 6 7 8 9 |  9.5
Earth Magic    | 1 2 3 4 5 6 7 8 9 |  9.5
Poison Magic   | 1 2 3 4 5 6 7 8 9 |  9.5
Armour         | 5 6 7 8 9 10 11 12 | 12.1
Dodging        | 5 6 7 8 9 10 11 12 | 12.1
Fighting       | 7 8 9 10 11 12 | 12.9
Maces & Flails | 7 8 9 10 11 12 13 15 16 | 16.6

Action                   |  1- 3 |  4- 6 |  7- 9 | 10-12 | 13-15 | 16-18 || total
-------------------------+-------+-------+-------+-------+-------+-------++-------
Melee: Mace              |   134 |    79 |       |       |       |       ||   213
       Bite              |    14 |     7 |    34 |    68 |   175 |    28 ||   326
       Punch             |       |     2 |       |       |       |       ||     2
       Dagger            |       |    30 |       |       |       |       ||    30
       Quarterstaff      |       |    18 |   249 |       |       |       ||   267
       Dire flail        |       |       |     4 |   508 |   972 |       ||  1484
       Morningstar       |       |       |       |       |   324 |   229 ||   553
Throw: Stone             |     9 |    28 |       |     4 |     7 |       ||    48
       Dart              |     4 |     9 |     4 |       |       |       ||    17
Invok: Berserk           |     4 |     3 |     8 |    19 |    27 |     5 ||    66
       Trog's Hand       |       |       |     3 |     4 |     7 |     2 ||    16
       Brothers in Arms  |       |       |     1 |     2 |    11 |     2 ||    16
Evoke: Wand              |       |       |     2 |       |       |       ||     2
       Phial of floods   |       |       |       |       |     1 |       ||     1
  Use: Scroll            |       |       |    12 |     7 |     4 |     5 ||    28
       Potion            |       |       |     6 |     1 |     5 |       ||    12
 Stab: Distracted        |       |       |     1 |       |     2 |       ||     3
Armor: Animal skin       |    53 |       |       |       |       |       ||    53
       Chain mail        |       |    74 |    36 |       |       |       ||   110
       Plate armour      |       |       |   139 |   328 |   647 |   197 ||  1311
Dodge: Dodged            |   128 |    75 |    81 |   192 |   918 |   249 ||  1643
Block: Buckler           |       |       |       |       |   117 |   127 ||   244

Levels and vault maps discovered:
D:1:      dpeg_arrival_refuge, layout_basic
D:2:      minmay_recursive_quarters, layout_rooms, serial_shops, shop
D:3:      layout_loops_ring, nicolae_overflow_hidden_temple,
          ebering_ghost_gozag, uniq_robin
D:4:      layout_cave_pods, okawaru_gym_becter,
          grunt_dithmenos_smoke_and_mirrors, minmay_temple_entry_from_below_a,
          uniq_duvessa
D:5:      layout_loops_corners, mainiacjoe_overflow_six_doors_small,
          chequers_temple_overflow_statue_of_worship, uniq_sigmund
D:6:      layout_basic
D:7:      layout_loops_ring, nicolae_overflow_crystal_walls, serial_shops, shop,
          uniq_crazy_yiuf_cottage
D:8:      layout_rooms, uniq_joseph, uniq_amaemon
D:9:      wander_river, layout_stronghold, erik_lair_island, orc_0_dummy,
          serial_shops, shop, serial_bayou_ford_a
D:10:     layout_roguey [special_room_bee], uniq_urug
D:11:     layout_roguey, gammafunk_ghost_stat_death, elyvilon_altar_5
D:12:     layout_rooms, minmay_orc_keep
D:13:     layout_roguey [special_room_orc]
D:14:     lemuel_flame_loot_2, layout_stronghold, david_vaults_4,
          amcnicky_mini_corridor_feature, drop_trap
D:15:     grunt_enter_depths_magical_seal, layout_loops_cross,
          gammafunk_ghost_wrathful_warriors, serial_glass, glass_columns_c,
          glass_columns_c, minmay_misc_feat_pillars, uniq_agnes
Lair:1:   layout_cave_shapes, gauntlet_entry_generic,
          nicolae_volcano_entry_s_turn, uniq_erica
Lair:2:   layout_long_grid, gammafunk_ghost_ooze, dreamdust_mushroom_princess
Lair:3:   layout_gridlike, guppyfry_lair_drakes, serial_bayou_shore_b
Lair:4:   layout_regular_city, minmay_shoals_entry_hut,
          nicolae_spider_entry_tight_spaces, grunt_megastairs_2,
          lemuel_fruit_tree
Lair:5:   layout_small_grid, serial_bayou_shore_b
Spider:1: layout_spider_delve, special_room, uniq_rupert, uniq_jorgrun
Spider:2: layout_spider_delve
Spider:3: layout_chambers
Spider:4: guppyfry_spider_rune, uniq_arachne, uniq_mlioglotl
Orc:1:    layout_diamond_mine, serial_shops, nicolae_shop_hallway_plus
Orc:2:    st_orc_mages, layout_diamond_mine, mines2_david

Notes
Turn   | Place    | Note
-------+----------+-------------------------------------------
     0 | D:1      | spaghetti the Gnoll Berserker began the quest for the Orb.
     0 | D:1      | Reached XP level 1. HP: 23/23 MP: 1/1
     0 | D:1      | magus.rc [v1.9.6]
   283 | D:1      | Reached XP level 2. HP: 29/29 MP: 2/2
  1112 | D:2      | Found Kaloc's Book Shoppe.
  1127 | D:2      | Reached XP level 3. HP: 31/35 MP: 3/3
  1192 | D:2      | Reached skill level 1 in Invocations
  1573 | D:2      | Reached ** piety under Trog
  1576 | D:2      | Reached skill level 1 in Short Blades
  1576 | D:2      | Reached skill level 1 in Long Blades
  1576 | D:2      | Reached skill level 1 in Axes
  1576 | D:2      | Reached skill level 1 in Polearms
  1576 | D:2      | Reached skill level 1 in Staves
  1576 | D:2      | Reached skill level 1 in Ranged Weapons
  1576 | D:2      | Reached skill level 1 in Throwing
  1576 | D:2      | Reached skill level 1 in Stealth
  1576 | D:2      | Reached skill level 1 in Shields
  1576 | D:2      | Reached skill level 1 in Unarmed Combat
  1576 | D:2      | Reached skill level 1 in Spellcasting
  1576 | D:2      | Reached skill level 1 in Evocations
  1599 | D:2      | Reached XP level 4. HP: 19/41 MP: 5/5
  1899 | D:2      | Identified the +1 leather armour of Jonitrem {Will++}
  2126 | D:2      | Reached skill level 1 in Conjurations
  2126 | D:2      | Reached skill level 1 in Hexes
  2126 | D:2      | Reached skill level 1 in Summonings
  2126 | D:2      | Reached skill level 1 in Necromancy
  2126 | D:2      | Reached skill level 1 in Translocations
  2126 | D:2      | Reached skill level 1 in Transmutations
  2126 | D:2      | Reached skill level 1 in Fire Magic
  2126 | D:2      | Reached skill level 1 in Ice Magic
  2126 | D:2      | Reached skill level 1 in Air Magic
  2126 | D:2      | Reached skill level 1 in Earth Magic
  2126 | D:2      | Reached skill level 1 in Poison Magic
  2658 | D:3      | Found a sparkling altar of Nemelex Xobeh.
  2906 | D:3      | Noticed Robin
  2916 | D:3      | Killed Robin
  2917 | D:3      | Reached XP level 5. HP: 47/47 MP: 5/7
  3298 | D:3      | You pick up a book of Conjurations {forbidden@e2} and begin
                  | reading...
  3298 | D:3      | You add the spells Magic Dart, Searing Ray and Fulminant
                  | Prism to your library.
  3312 | D:3      | You fall into a shaft and drop 1 floor!
  3556 | D:4      | Noticed Dowan
  3557 | D:4      | Noticed Duvessa
  3558 | D:4      | Found an iron altar of Okawaru.
  3570 | D:4      | Killed Dowan
  3570 | D:4      | Killed Duvessa
  3570 | D:4      | Reached *** piety under Trog
  3571 | D:4      | Reached skill level 2 in Short Blades
  3571 | D:4      | Reached skill level 2 in Long Blades
  3571 | D:4      | Reached skill level 2 in Axes
  3571 | D:4      | Reached skill level 2 in Polearms
  3571 | D:4      | Reached skill level 2 in Staves
  3571 | D:4      | Reached skill level 2 in Ranged Weapons
  3571 | D:4      | Reached skill level 2 in Throwing
  3571 | D:4      | Reached skill level 5 in Armour
  3571 | D:4      | Reached skill level 5 in Dodging
  3571 | D:4      | Reached skill level 2 in Stealth
  3571 | D:4      | Reached skill level 2 in Shields
  3571 | D:4      | Reached skill level 2 in Unarmed Combat
  3571 | D:4      | Reached skill level 2 in Spellcasting
  3571 | D:4      | Reached skill level 2 in Invocations
  3571 | D:4      | Reached skill level 2 in Evocations
  3571 | D:4      | Reached XP level 6. HP: 36/53 MP: 7/9
  3873 | D:4      | Found a staircase to the Ecumenical Temple.
  3944 | D:4      | Found a shadowy altar of Dithmenos.
  3946 | D:4      | You pick up a book of Spatial Translocations {forbidden}
                  | and begin reading...
  3946 | D:4      | You add the spells Blink, Lesser Beckoning and Manifold
                  | Assault to your library.
  3994 | D:4      | Reached XP level 7. HP: 49/59 MP: 10/10
  3996 | D:4      | Reached skill level 7 in Fighting
  3996 | D:4      | Reached skill level 7 in Maces & Flails
  4210 | D:4      | You pick up a book of Frost {forbidden} and begin
                  | reading...
  4210 | D:4      | You add the spells Freeze, Frozen Ramparts and Hailstorm to
                  | your library.
  4471 | D:5      | Entered Level 5 of the Dungeon
  4629 | D:5      | Reached skill level 2 in Conjurations
  4629 | D:5      | Reached skill level 2 in Hexes
  4629 | D:5      | Reached skill level 2 in Summonings
  4629 | D:5      | Reached skill level 2 in Necromancy
  4629 | D:5      | Reached skill level 2 in Translocations
  4629 | D:5      | Reached skill level 2 in Transmutations
  4629 | D:5      | Reached skill level 2 in Fire Magic
  4629 | D:5      | Reached skill level 2 in Ice Magic
  4629 | D:5      | Reached skill level 2 in Air Magic
  4629 | D:5      | Reached skill level 2 in Earth Magic
  4629 | D:5      | Reached skill level 2 in Poison Magic
  4902 | D:5      | Identified a scroll of acquirement
  4905 | D:5      | Acquired a manual of Maces & Flails
  5031 | D:5      | Reached skill level 3 in Invocations
  5379 | D:5      | Found a glowing silver altar of Zin.
  5379 | D:5      | Found a shimmering altar of Xom.
  5381 | D:5      | Found a burning altar of Makhleb.
  5382 | D:5      | Found a shimmering blue altar of Sif Muna.
  5581 | D:5      | Reached **** piety under Trog
  5644 | D:5      | Found a stormy altar of Qazlal.
  5644 | D:5      | Noticed Sigmund
  5652 | D:5      | Killed Sigmund
  5653 | D:5      | Reached skill level 3 in Short Blades
  5653 | D:5      | Reached skill level 3 in Long Blades
  5653 | D:5      | Reached skill level 3 in Axes
  5653 | D:5      | Reached skill level 3 in Polearms
  5653 | D:5      | Reached skill level 3 in Staves
  5653 | D:5      | Reached skill level 3 in Ranged Weapons
  5653 | D:5      | Reached skill level 3 in Throwing
  5653 | D:5      | Reached skill level 3 in Stealth
  5653 | D:5      | Reached skill level 3 in Shields
  5653 | D:5      | Reached skill level 3 in Unarmed Combat
  5653 | D:5      | Reached skill level 3 in Spellcasting
  5653 | D:5      | Reached skill level 3 in Evocations
  5653 | D:5      | Reached XP level 8. HP: 67/67 MP: 12/12
  6558 | D:6      | Reached skill level 8 in Maces & Flails
  6558 | D:6      | Reached skill level 3 in Conjurations
  6558 | D:6      | Reached skill level 3 in Hexes
  6558 | D:6      | Reached skill level 3 in Summonings
  6558 | D:6      | Reached skill level 3 in Necromancy
  6558 | D:6      | Reached skill level 3 in Translocations
  6558 | D:6      | Reached skill level 3 in Transmutations
  6558 | D:6      | Reached skill level 3 in Fire Magic
  6558 | D:6      | Reached skill level 3 in Ice Magic
  6558 | D:6      | Reached skill level 3 in Air Magic
  6558 | D:6      | Reached skill level 3 in Earth Magic
  6558 | D:6      | Reached skill level 3 in Poison Magic
  6558 | D:6      | Reached skill level 4 in Invocations
  6567 | D:6      | Reached skill level 6 in Armour
  6567 | D:6      | Reached skill level 6 in Dodging
  6567 | D:6      | HP: 16/66 [wight/+5 scimitar (12)]
  6568 | D:6      | HP: 7/65 [wight/+5 scimitar (3)]
  6944 | D:6      | Reached XP level 9. HP: 49/73 MP: 14/14
  7060 | D:6      | Reached skill level 4 in Short Blades
  7060 | D:6      | Reached skill level 4 in Long Blades
  7060 | D:6      | Reached skill level 4 in Axes
  7060 | D:6      | Reached skill level 4 in Polearms
  7060 | D:6      | Reached skill level 4 in Staves
  7060 | D:6      | Reached skill level 4 in Ranged Weapons
  7060 | D:6      | Reached skill level 4 in Throwing
  7060 | D:6      | Reached skill level 4 in Stealth
  7060 | D:6      | Reached skill level 4 in Shields
  7060 | D:6      | Reached skill level 4 in Unarmed Combat
  7060 | D:6      | Reached skill level 4 in Spellcasting
  7060 | D:6      | Reached skill level 4 in Evocations
  7308 | D:7      | Found Obarof's Magic Scroll Emporium.
  7342 | D:7      | Found a broken altar of Ashenzari.
  7366 | D:7      | HP: 17/74 [something (4)]
  7951 | D:7      | Reached skill level 8 in Fighting
  8566 | D:7      | You pick up a book of Air {forbidden} and begin reading...
  8566 | D:7      | You add the spells Shock, Swiftness and Airstrike to your
                  | library.
  8649 | D:7      | Reached skill level 5 in Invocations
  8851 | D:7      | Found a runed translucent door.
  8851 | D:7      | Noticed Crazy Yiuf
  8933 | D:7      | Killed Crazy Yiuf
  9072 | D:8      | Reached skill level 9 in Maces & Flails
  9280 | D:8      | Noticed an orange demon
  9283 | D:8      | Noticed Amaemon
  9289 | D:8      | Killed an orange demon
  9290 | D:8      | Reached skill level 4 in Conjurations
  9290 | D:8      | Reached skill level 4 in Hexes
  9290 | D:8      | Reached skill level 4 in Summonings
  9290 | D:8      | Reached skill level 4 in Necromancy
  9290 | D:8      | Reached skill level 4 in Translocations
  9290 | D:8      | Reached skill level 4 in Transmutations
  9290 | D:8      | Reached skill level 4 in Fire Magic
  9290 | D:8      | Reached skill level 4 in Ice Magic
  9290 | D:8      | Reached skill level 4 in Air Magic
  9290 | D:8      | Reached skill level 4 in Earth Magic
  9290 | D:8      | Reached skill level 4 in Poison Magic
  9293 | D:8      | Killed Amaemon
  9294 | D:8      | Reached skill level 5 in Short Blades
  9294 | D:8      | Reached skill level 5 in Long Blades
  9294 | D:8      | Reached skill level 5 in Axes
  9294 | D:8      | Reached skill level 5 in Polearms
  9294 | D:8      | Reached skill level 5 in Staves
  9294 | D:8      | Reached skill level 5 in Ranged Weapons
  9294 | D:8      | Reached skill level 5 in Throwing
  9294 | D:8      | Reached skill level 7 in Armour
  9294 | D:8      | Reached skill level 7 in Dodging
  9294 | D:8      | Reached skill level 5 in Stealth
  9294 | D:8      | Reached skill level 5 in Shields
  9294 | D:8      | Reached skill level 5 in Unarmed Combat
  9294 | D:8      | Reached skill level 5 in Spellcasting
  9294 | D:8      | Reached skill level 5 in Evocations
  9294 | D:8      | Reached XP level 10. HP: 82/82 MP: 15/17
  9391 | D:8      | Noticed Joseph
  9409 | D:8      | Killed Joseph
  9927 | D:9      | Reached skill level 6 in Invocations
  9939 | D:9      | Reached skill level 10 in Maces & Flails
 10036 | D:9      | Found a staircase to the Lair.
 10050 | D:9      | Reached ***** piety under Trog
 10257 | D:9      | Noticed a brown ugly thing
 10273 | D:9      | Killed a brown ugly thing
 10587 | D:9      | Reached skill level 9 in Fighting
 10663 | D:9      | Reached skill level 6 in Short Blades
 10663 | D:9      | Reached skill level 6 in Long Blades
 10663 | D:9      | Reached skill level 6 in Axes
 10663 | D:9      | Reached skill level 6 in Polearms
 10663 | D:9      | Reached skill level 6 in Staves
 10663 | D:9      | Reached skill level 6 in Ranged Weapons
 10663 | D:9      | Reached skill level 6 in Throwing
 10663 | D:9      | Reached skill level 6 in Stealth
 10663 | D:9      | Reached skill level 6 in Shields
 10663 | D:9      | Reached skill level 6 in Unarmed Combat
 10663 | D:9      | Reached skill level 6 in Spellcasting
 10663 | D:9      | Reached skill level 6 in Evocations
 10764 | D:9      | Reached skill level 5 in Conjurations
 10764 | D:9      | Reached skill level 5 in Hexes
 10764 | D:9      | Reached skill level 5 in Summonings
 10764 | D:9      | Reached skill level 5 in Necromancy
 10764 | D:9      | Reached skill level 5 in Translocations
 10764 | D:9      | Reached skill level 5 in Transmutations
 10764 | D:9      | Reached skill level 5 in Fire Magic
 10764 | D:9      | Reached skill level 5 in Ice Magic
 10764 | D:9      | Reached skill level 5 in Air Magic
 10764 | D:9      | Reached skill level 5 in Earth Magic
 10764 | D:9      | Reached skill level 5 in Poison Magic
 10766 | D:9      | Reached XP level 11. HP: 49/89 MP: 20/20
 11083 | D:9      | Found a staircase to the Orcish Mines.
 11131 | D:9      | Found Eho Dek's Book Boutique.
 11457 | Lair:1   | Entered Level 1 of the Lair of Beasts
 11560 | Lair:1   | Noticed Erica
 11568 | Lair:1   | Killed Erica
 11627 | Lair:1   | Found a gate leading to a gauntlet.
 11650 | Gauntlet | Entered a Gauntlet
 11650 | Gauntlet | Found a transporter.
 11656 | Gauntlet | Found a transporter.
 11656 | Gauntlet | Found a transporter.
 11656 | Gauntlet | Found a transporter.
 11660 | Gauntlet | Reached skill level 7 in Invocations
 11679 | Gauntlet | Reached skill level 8 in Armour
 11679 | Gauntlet | Reached skill level 8 in Dodging
 11703 | Gauntlet | Noticed a large abomination
 11785 | Gauntlet | Found a transporter.
 11811 | Gauntlet | Noticed a minotaur
 11823 | Gauntlet | Killed a minotaur
 11824 | Gauntlet | Reached skill level 11 in Maces & Flails
 11846 | Gauntlet | You add the spells Summon Forest, Eringya's Noxious Bog and
                  | Summon Hydra to your library.
 11868 | Gauntlet | Found a transporter.
 12040 | Lair:1   | You pick up a book of Armaments {forbidden} and begin
                  | reading...
 12040 | Lair:1   | You add the spells Stone Arrow, Animate Armour and
                  | Lehudib's Crystal Spear to your library.
 12100 | Lair:1   | Noticed a seven-headed hydra
 12108 | Lair:1   | Killed a seven-headed hydra
 13020 | Lair:2   | You pick up a book of Rime {forbidden} and begin reading...
 13020 | Lair:2   | You add the spells Ice Form and Summon Ice Beast to your
                  | library.
 13118 | Lair:2   | Found a runed translucent gate.
 13119 | Lair:2   | Found a runed translucent gate.
 13120 | Lair:2   | Found a runed translucent gate.
 13121 | Lair:2   | Noticed Cusiw's ghost (journeyman DsGl)
 13126 | Lair:2   | Found a viscous altar of Jiyva.
 13137 | Lair:2   | Killed Cusiw's ghost
 13142 | Lair:2   | HP: 26/133 [large slime creature (26)]
 13147 | Lair:2   | Reached skill level 7 in Short Blades
 13147 | Lair:2   | Reached skill level 7 in Long Blades
 13147 | Lair:2   | Reached skill level 7 in Axes
 13147 | Lair:2   | Reached skill level 7 in Polearms
 13147 | Lair:2   | Reached skill level 7 in Staves
 13147 | Lair:2   | Reached skill level 7 in Ranged Weapons
 13147 | Lair:2   | Reached skill level 7 in Throwing
 13147 | Lair:2   | Reached skill level 7 in Stealth
 13147 | Lair:2   | Reached skill level 7 in Shields
 13147 | Lair:2   | Reached skill level 7 in Unarmed Combat
 13147 | Lair:2   | Reached skill level 7 in Spellcasting
 13147 | Lair:2   | Reached skill level 7 in Evocations
 13147 | Lair:2   | HP: 18/135 [slime creature (9)]
 13577 | Lair:2   | You pick up a book of Vapours {forbidden} and begin
                  | reading...
 13577 | Lair:2   | You add the spells Poisonous Vapours and Corpse Rot to your
                  | library.
 13754 | Lair:2   | Gained mutation: You are dopey. (Int -2) [potion of
                  | mutation]
 13754 | Lair:2   | Gained mutation: You are robust. (+10% HP) [potion of
                  | mutation]
 13754 | Lair:2   | Gained mutation: Your system is resistant to poisons.
                  | (rPois) [potion of mutation]
 13892 | Lair:3   | Noticed a catoblepas
 13895 | Lair:3   | Reached XP level 12. HP: 103/106 MP: 22/22
 13929 | Lair:3   | Killed a catoblepas
 13930 | Lair:3   | Reached skill level 6 in Conjurations
 13930 | Lair:3   | Reached skill level 6 in Hexes
 13930 | Lair:3   | Reached skill level 6 in Summonings
 13930 | Lair:3   | Reached skill level 6 in Necromancy
 13930 | Lair:3   | Reached skill level 6 in Translocations
 13930 | Lair:3   | Reached skill level 6 in Transmutations
 13930 | Lair:3   | Reached skill level 6 in Fire Magic
 13930 | Lair:3   | Reached skill level 6 in Ice Magic
 13930 | Lair:3   | Reached skill level 6 in Air Magic
 13930 | Lair:3   | Reached skill level 6 in Earth Magic
 13930 | Lair:3   | Reached skill level 6 in Poison Magic
 14214 | Lair:3   | Reached skill level 8 in Invocations
 14368 | Lair:3   | Reached skill level 12 in Maces & Flails
 14389 | Lair:3   | Reached skill level 10 in Fighting
 14425 | Lair:3   | HP: 26/106 [blink frog (8)]
 14918 | Lair:3   | Reached skill level 9 in Armour
 14918 | Lair:3   | Reached skill level 9 in Dodging
 15378 | Lair:3   | You pick up a book of Spatial Translocations {forbidden}
                  | and begin reading...
 15878 | Lair:4   | Noticed a four-headed hydra
 15888 | Lair:4   | Killed a four-headed hydra
 15889 | Lair:4   | Reached skill level 8 in Short Blades
 15889 | Lair:4   | Reached skill level 8 in Long Blades
 15889 | Lair:4   | Reached skill level 8 in Axes
 15889 | Lair:4   | Reached skill level 8 in Polearms
 15889 | Lair:4   | Reached skill level 8 in Staves
 15889 | Lair:4   | Reached skill level 8 in Ranged Weapons
 15889 | Lair:4   | Reached skill level 8 in Throwing
 15889 | Lair:4   | Reached skill level 8 in Stealth
 15889 | Lair:4   | Reached skill level 8 in Shields
 15889 | Lair:4   | Reached skill level 8 in Unarmed Combat
 15889 | Lair:4   | Reached skill level 8 in Spellcasting
 15889 | Lair:4   | Reached skill level 8 in Evocations
 15901 | Lair:4   | HP: 26/107 [poisoned by a cane toad]
 15906 | Lair:4   | HP: 25/160 [poisoned by a cane toad]
 15911 | Lair:4   | HP: 18/107 [poisoned by a cane toad]
 16259 | Lair:4   | Noticed an eight-headed hydra
 16269 | Lair:4   | Killed an eight-headed hydra
 16491 | Lair:4   | Reached XP level 13. HP: 113/114 MP: 25/25
 16608 | Lair:4   | Reached skill level 9 in Invocations
 16917 | Lair:4   | Found a staircase to the Shoals.
 17088 | Lair:4   | Found a hole to the Spider Nest.
 17290 | Lair:4   | Reached skill level 13 in Maces & Flails
 17735 | Lair:5   | Reached skill level 7 in Conjurations
 17735 | Lair:5   | Reached skill level 7 in Hexes
 17735 | Lair:5   | Reached skill level 7 in Summonings
 17735 | Lair:5   | Reached skill level 7 in Necromancy
 17735 | Lair:5   | Reached skill level 7 in Translocations
 17735 | Lair:5   | Reached skill level 7 in Transmutations
 17735 | Lair:5   | Reached skill level 7 in Fire Magic
 17735 | Lair:5   | Reached skill level 7 in Ice Magic
 17735 | Lair:5   | Reached skill level 7 in Air Magic
 17735 | Lair:5   | Reached skill level 7 in Earth Magic
 17735 | Lair:5   | Reached skill level 7 in Poison Magic
 18703 | D:10     | Entered Level 10 of the Dungeon
 18952 | D:10     | Noticed Urug
 18961 | D:10     | Killed Urug
 18963 | D:10     | a +1 vorpal double sword {longrare=g}; a +4 scale mail of
                  | cold resistance; the orc corpse of Urug
 19129 | D:10     | a +1 vorpal double sword {longrare=g}; a +4 scale mail of
                  | cold resistance; the orc corpse of Urug
 19129 | D:10     | a +1 vorpal double sword {longrare=g}; a +4 scale mail of
                  | cold resistance; the orc corpse of Urug
 19129 | D:10     | Could not pick up a +1 vorpal double sword {longrare=g}
                  | here; ([A]lways) ignore it?
 19129 | D:10     | Could not pick up a +1 vorpal double sword {longrare=g}
                  | here; ([A]lways) ignore it?
 19129 | D:10     | Could not pick up a +1 vorpal double sword {longrare=g}
                  | here; ([A]lways) ignore it?
 19129 | D:10     | Could not pick up a +1 vorpal double sword {longrare=g}
                  | here; ([A]lways) ignore it?
 19174 | D:10     | Reached skill level 11 in Fighting
 19174 | D:10     | Reached skill level 10 in Armour
 19174 | D:10     | Reached skill level 10 in Dodging
 19209 | D:10     | You pick up a book of Conjurations {forbidden@e2} and begin
                  | reading...
 19983 | D:11     | Reached skill level 9 in Short Blades
 19983 | D:11     | Reached skill level 9 in Long Blades
 19983 | D:11     | Reached skill level 9 in Axes
 19983 | D:11     | Reached skill level 9 in Polearms
 19983 | D:11     | Reached skill level 9 in Staves
 19983 | D:11     | Reached skill level 9 in Ranged Weapons
 19983 | D:11     | Reached skill level 9 in Throwing
 19983 | D:11     | Reached skill level 9 in Stealth
 19983 | D:11     | Reached skill level 9 in Shields
 19983 | D:11     | Reached skill level 9 in Unarmed Combat
 19983 | D:11     | Reached skill level 9 in Spellcasting
 19983 | D:11     | Reached skill level 9 in Evocations
 20240 | D:11     | Found a white marble altar of Elyvilon.
 20409 | D:11     | You pick up a book of the Moon {forbidden} and begin
                  | reading...
 20409 | D:11     | You add the spells Passage of Golubria and Silence to your
                  | library.
 20449 | D:11     | Noticed zeratav's ghost (novice TrFi)
 20457 | D:11     | Found a transporter.
 20701 | D:11     | Found a transporter.
 20939 | D:12     | Reached XP level 14. HP: 102/124 MP: 27/27
 20944 | D:12     | Reached skill level 10 in Invocations
 20958 | D:12     | Reached skill level 14 in Maces & Flails
 21610 | D:12     | Received a gift from Trog
 22546 | D:13     | HP: 17/124 [slime creature (15)]
 23302 | D:14     | Reached skill level 8 in Conjurations
 23302 | D:14     | Reached skill level 8 in Hexes
 23302 | D:14     | Reached skill level 8 in Summonings
 23302 | D:14     | Reached skill level 8 in Necromancy
 23302 | D:14     | Reached skill level 8 in Translocations
 23302 | D:14     | Reached skill level 8 in Transmutations
 23302 | D:14     | Reached skill level 8 in Fire Magic
 23302 | D:14     | Reached skill level 8 in Ice Magic
 23302 | D:14     | Reached skill level 8 in Air Magic
 23302 | D:14     | Reached skill level 8 in Earth Magic
 23302 | D:14     | Reached skill level 8 in Poison Magic
 23456 | D:14     | You pick up a book of Displacement {forbidden} and begin
                  | reading...
 23456 | D:14     | You add the spells Gell's Gravitas and Teleport Other to
                  | your library.
 23858 | D:14     | magus.rc [v1.9.6]
 24219 | D:14     | Found a gate to the Vaults.
 24814 | D:15     | Entered Level 15 of the Dungeon
 24965 | D:15     | Found a transporter.
 24965 | D:15     | Found a transporter.
 25151 | D:15     | Found a bloodstained altar of Trog.
 25151 | D:15     | Noticed Myatze's ghost (journeyman FeSu)
 25392 | D:15     | Noticed Agnes
 25414 | D:15     | Killed Agnes
 25421 | D:15     | Reached skill level 10 in Short Blades
 25421 | D:15     | Reached skill level 10 in Long Blades
 25421 | D:15     | Reached skill level 10 in Axes
 25421 | D:15     | Reached skill level 10 in Polearms
 25421 | D:15     | Reached skill level 10 in Staves
 25421 | D:15     | Reached skill level 10 in Ranged Weapons
 25421 | D:15     | Reached skill level 10 in Throwing
 25421 | D:15     | Reached skill level 11 in Armour
 25421 | D:15     | Reached skill level 11 in Dodging
 25421 | D:15     | Reached skill level 10 in Stealth
 25421 | D:15     | Reached skill level 10 in Shields
 25421 | D:15     | Reached skill level 10 in Unarmed Combat
 25421 | D:15     | Reached skill level 10 in Spellcasting
 25421 | D:15     | Reached skill level 10 in Evocations
 25441 | D:15     | Reached skill level 15 in Maces & Flails
 25666 | D:15     | Found a staircase to the Depths.
 25696 | D:15     | Reached XP level 15. HP: 94/131 MP: 29/29
 25802 | Orc:1    | Entered Level 1 of the Orcish Mines
 25984 | Orc:1    | Found Jibriner's Weapon Shop.
 26025 | Orc:1    | Reached skill level 11 in Invocations
 26035 | Orc:1    | Reached skill level 12 in Fighting
 26320 | Orc:2    | Entered Level 2 of the Orcish Mines
 26579 | Orc:2    | Found Unycvyun's Assorted Antiques.
 26579 | Orc:2    | Found Bograi's Distillery.
 26582 | Orc:2    | Found Xezol's Jewellery Shoppe.
 26596 | Orc:2    | Found Ufrawiv's Book Shoppe.
 26597 | Orc:2    | Bought a runed buckler for 232 gold pieces
 26599 | Orc:2    | Bought the ring of Wifoimea {Will- EV+4 Str+7 Dex+2 Stlth+}
                  | for 907 gold pieces
 26688 | Orc:2    | Paralysed by an orc sorcerer for 5 turns
 26826 | Orc:2    | Found a staircase to the Elven Halls.
 26949 | Orc:2    | Received a gift from Trog
 27849 | Spider:1 | Entered Level 1 of the Spider Nest
 28192 | Spider:1 | Noticed Rupert
 28209 | Spider:1 | Killed Rupert
 28211 | Spider:1 | a +5 triple sword of distortion {!wlongrare=g}; a +0
                  | leather armour; a redback corpse
 28229 | Spider:1 | HP: 28/133 [redback (6)]
 28236 | Spider:1 | HP: 29/133 [redback (5)]
 28241 | Spider:1 | HP: 29/133 [wolf spider[a torpor snail] (9)]
 28530 | Spider:1 | a +5 triple sword of distortion {!wlongrare=g}; a +0
                  | leather armour
 28530 | Spider:1 | a +5 triple sword of distortion {!wlongrare=g}; a +0
                  | leather armour
 28530 | Spider:1 | Could not pick up a +5 triple sword of distortion
                  | {!wlongrare=g} here; ([A]lways) ignore it?
 28981 | Spider:1 | Reached skill level 9 in Conjurations
 28981 | Spider:1 | Reached skill level 9 in Hexes
 28981 | Spider:1 | Reached skill level 9 in Summonings
 28981 | Spider:1 | Reached skill level 9 in Necromancy
 28981 | Spider:1 | Reached skill level 9 in Translocations
 28981 | Spider:1 | Reached skill level 9 in Transmutations
 28981 | Spider:1 | Reached skill level 9 in Fire Magic
 28981 | Spider:1 | Reached skill level 9 in Ice Magic
 28981 | Spider:1 | Reached skill level 9 in Air Magic
 28981 | Spider:1 | Reached skill level 9 in Earth Magic
 28981 | Spider:1 | Reached skill level 9 in Poison Magic
 29337 | Spider:1 | Noticed Jorgrun
 29345 | Spider:1 | Killed Jorgrun
 29615 | Spider:1 | Identified the +3 leather armour of Hokkuez {Will+ Dex+2}
 29669 | Spider:1 | You pick up a book of Lightning {forbidden} and begin
                  | reading...
 29669 | Spider:1 | You add the spells Static Discharge, Lightning Bolt and
                  | Maxwell's Capacitive Coupling to your library.
 29766 | Spider:1 | a +5 triple sword of distortion {!wlongrare}; a +0 leather
                  | armour
 29997 | Spider:2 | Reached skill level 16 in Maces & Flails
 30479 | Spider:2 | Received a gift from Trog
 30648 | Spider:2 | Noticed an emperor scorpion
 30662 | Spider:2 | Killed an emperor scorpion
 30663 | Spider:2 | Reached XP level 16. HP: 141/141 MP: 30/30
 30778 | Spider:2 | Reached skill level 11 in Short Blades
 30778 | Spider:2 | Reached skill level 11 in Long Blades
 30778 | Spider:2 | Reached skill level 11 in Axes
 30778 | Spider:2 | Reached skill level 11 in Polearms
 30778 | Spider:2 | Reached skill level 11 in Staves
 30778 | Spider:2 | Reached skill level 11 in Ranged Weapons
 30778 | Spider:2 | Reached skill level 11 in Throwing
 30778 | Spider:2 | Reached skill level 11 in Stealth
 30778 | Spider:2 | Reached skill level 11 in Shields
 30778 | Spider:2 | Reached skill level 11 in Unarmed Combat
 30778 | Spider:2 | Reached skill level 11 in Spellcasting
 30778 | Spider:2 | Reached skill level 11 in Evocations
 30881 | Spider:2 | Reached skill level 12 in Invocations
 31054 | Spider:2 | You pick up a book of Flames {forbidden} and begin
                  | reading...
 31054 | Spider:2 | You add the spells Foxfire, Conjure Flame, Inner Flame and
                  | Flame Wave to your library.
 31505 | Spider:3 | Reached skill level 12 in Armour
 31505 | Spider:3 | Reached skill level 12 in Dodging
 33216 | Spider:4 | Entered Level 4 of the Spider Nest
 33274 | Spider:4 | HP: 29/141 [poisoned by a redback]
 33279 | Spider:4 | HP: 16/141 [poisoned by a redback]
 33622 | Spider:3 | magus.rc [v1.9.6]
 33626 | Spider:4 | Noticed Mlioglotl
 33646 | Spider:3 | HP: 31/141 [spark wasp[a torpor snail] (8)]
 33649 | Spider:3 | HP: 14/141 [redback[a broodmother] (6)]
 33652 | Spider:3 | Killed from afar by a spark wasp

Vanquished Creatures
  Rupert (Spider:1)
  Jorgrun (Spider:1)
  Agnes (D:15)
  A ghost moth (Spider:4)
  An emperor scorpion (Spider:2)
  3 broodmothers
  2 spark wasps
  A minotaur (Gauntlet)
  2 entropy weavers (Spider:1)
  3 boulder beetles
  7 hydras
  4 centaur warriors
  A radroach (Spider:1)
  Erica (Lair:1)
  A catoblepas (Lair:3)
  4 two-headed ogres
  5 death yaks (Lair:5)
  Urug (D:10)
  An orc high priest (Orc:2)
  4 pharaoh ants
  3 steelbarb worms
  6 orb spiders
  A wolf spider zombie (D:15)
  3 deep elf pyromancers
  9 ugly things
  A necromancer (D:15)
  2 orc knights (Orc:1)
  A deep elf zephyrmancer (D:15)
  9 wolf spiders
  4 orc sorcerers (Orc:2)
  10 slime creatures
  4 cyclopes
  2 manticores
  2 elephants (Lair:5)
  A naga mage (D:15)
  A black mamba (Lair:3)
  2 centaur zombies (D:15)
  Joseph (D:8)
  2 gargoyles (D:12)
  An orange demon (D:8)
  12 cane toads
  A torpor snail (Spider:2)
  A water nymph (shapeshifter) (D:14)
  8 komodo dragons
  2 rime drakes
  2 unseen horrors
  5 demonic crawlers
  A freezing wraith (D:14)
  An efreet (D:13)
  4 trolls
  A queen bee (D:10)
  3 meliai
  A polar bear (Lair:4)
  A raiju (shapeshifter) (D:14)
  A tarantella (shapeshifter) (D:14)
  9 tarantellas
  17 blink frogs
  A harpy skeleton (D:15)
  4 dream sheep (Lair:4)
  A snapping turtle (Lair:4)
  9 culicivoras
  Sigmund (D:5)
  18 jumping spiders
  5 shadows
  A centaur simulacrum (D:14)
  9 yaks (D:9)
  2 vampires
  5 wraiths
  2 wyverns
  59 redbacks
  A steam dragon (D:6)
  2 vampire mosquitoes (D:12)
  3 acid dragons
  Duvessa (D:4)
  8 water moccasins
  3 black bears
  18 orc warriors
  A sky beast (D:7)
  12 wolves
  10 ogres
  4 phantoms
  17 centaurs
  2 kobold brigands (D:9)
  9 bullfrogs
  3 scorpions
  5 wights (D:6)
  Dowan (D:4)
  31 killer bees
  3 howler monkeys
  5 electric eels
  4 jellies
  14 orc priests
  A gnoll bouda (D:6)
  5 hounds
  Crazy Yiuf (D:7)
  5 iguanas
  29 orc wizards
  Robin (D:3)
  8 gnolls
  11 adders
  2 shadow imps (D:5)
  A white imp (D:5)
  An ufetubus (D:5)
  2 worms
  2 dart slugs
  83 orcs
  15 ball pythons
  4 endoplasms
  5 giant cockroaches
  3 hobgoblins
  7 jackals
  4 quokkas
  6 bats
  6 frilled lizards
  12 goblins
  16 kobolds
  7 rats
691 creatures vanquished.

Vanquished Creatures (collateral kills)
  The ghost of Cusiw the Basher, a journeyman DsGl (Lair:2)
  Amaemon (D:8)
  3 orc sorcerers (Orc:2)
  A manticore (D:13)
  2 elephants (Lair:5)
  2 torpor snails (Spider:1)
  A demonic crawler (Spider:3)
  5 slime creatures
  A tarantella (Spider:1)
  5 jumping spiders
  14 redbacks (Spider:1)
  5 orc warriors (D:13)
  An ogre (D:13)
  A jelly (Lair:2)
  10 orc priests
  12 orc wizards (Orc:2)
  5 orcs
70 creatures vanquished.

Vanquished Creatures (others)
  17 fungi
  34 plants
51 creatures vanquished.

Grand Total: 812 creatures vanquished

Table legend:
 A = Non-vault XP
 B = Vault XP
 C = Vault XP percentage of total XP
 D = Non-vault monster count
 E = Vault monster count
 F = Vault count percentage of total count
                 A         B        C        D         E       F
            +---------+---------+-------+---------+---------+-------
      Total |  121841 |   31442 |  20.5 |     575 |     186 |  24.4
            +---------+---------+-------+---------+---------+-------
        D:1 |      33 |       0 |   0.0 |      22 |       0 |   0.0
        D:2 |      66 |      20 |  23.3 |      24 |      10 |  29.4
        D:3 |      42 |      28 |  40.0 |      11 |       7 |  38.9
        D:4 |     226 |     208 |  47.9 |      19 |       2 |   9.5
        D:5 |     644 |     223 |  25.7 |      28 |       1 |   3.4
        D:6 |     971 |       0 |   0.0 |      19 |       0 |   0.0
        D:7 |    1102 |      39 |   3.4 |      27 |       1 |   3.6
        D:8 |     465 |    1640 |  77.9 |      16 |       3 |  15.8
        D:9 |    3974 |     695 |  14.9 |      31 |       6 |  16.2
       D:10 |    2287 |    2680 |  54.0 |       7 |      27 |  79.4
       D:11 |    4660 |       0 |   0.0 |      17 |       0 |   0.0
       D:12 |    5616 |     257 |   4.4 |      21 |       9 |  30.0
       D:13 |    6236 |    1340 |  17.7 |      16 |      26 |  61.9
       D:14 |    5168 |    1544 |  23.0 |      10 |       4 |  28.6
       D:15 |    6606 |    6222 |  48.5 |      11 |      10 |  47.6
     Lair:1 |    1904 |     836 |  30.5 |       5 |       1 |  16.7
     Lair:2 |    1057 |    1776 |  62.7 |       6 |       6 |  50.0
     Lair:3 |    9374 |     616 |   6.2 |      37 |       3 |   7.5
     Lair:4 |    4420 |    2854 |  39.2 |      12 |      13 |  52.0
     Lair:5 |    9843 |       0 |   0.0 |      22 |       0 |   0.0
   Spider:1 |   21009 |    3773 |  15.2 |      68 |       2 |   2.9
   Spider:2 |   13381 |       0 |   0.0 |      38 |       0 |   0.0
   Spider:3 |   10704 |       0 |   0.0 |      32 |       0 |   0.0
   Spider:4 |    6227 |       0 |   0.0 |      14 |       0 |   0.0
      Orc:1 |    2375 |       0 |   0.0 |      23 |       0 |   0.0
      Orc:2 |    3451 |    4832 |  58.3 |      39 |      50 |  56.2
   Gauntlet |       0 |    1859 | 100.0 |       0 |       5 | 100.0
            +---------+---------+-------+---------+---------+-------

Illustrated notes

Table legend:
 A = Kills in this place as a percentage of kills in entire the game.
 B = Kills by you in this place as a percentage of kills by you in the entire game.
 C = Kills by friends in this place as a percentage of kills by friends in the entire game.
 D = Other kills in this place as a percentage of other kills in the entire game.
 E = Experience gained in this place as a percentage of experience gained in the entire game.
 F = Experience gained in this place divided by the number of levels of this place that you have seen.
                   A       B       C       D       E      F
               +-------+-------+-------+-------+-------+----------------------
         Total | 100.0 | 100.0 | 100.0 |   N/A | 100.0 | 5677.1
       Dungeon |  50.6 |  53.1 |  25.7 |   N/A |  34.6 | 3532.8
          Lair |  13.8 |  14.5 |   7.1 |   N/A |  21.3 | 6536.0
   Spider Nest |  20.2 |  19.0 |  32.9 |   N/A |  35.9 | 13773.5
  Orcish Mines |  14.7 |  12.7 |  34.3 |   N/A |   7.0 | 5329.0
      Gauntlet |   0.7 |   0.7 |   0.0 |   N/A |   1.2 | 1859.0
               +-------+-------+-------+-------+-------+----------------------

Table legend: (Time is in decaauts)
 A = Elapsed time spent in this place.
 B = Non-inter-level travel time spent in this place.
 C = Inter-level travel time spent in this place.
 D = Time resting spent in this place.
 E = Time spent auto-exploring this place.
 F = Levels seen in this place.
 G = Mean time per level.
                   A        B        C        D        E       F      G
               +--------+--------+--------+--------+--------+-----+--------+
         Total |  33655 |  32233 |   1422 |   3055 |  25049 |  27 | 1246.5 |
       Dungeon |  18688 |  17822 |    866 |   1404 |  14148 |  15 | 1245.9 |
          Lair |   7241 |   6870 |    371 |    348 |   5770 |   5 | 1448.2 |
   Spider Nest |   5641 |   5566 |     75 |   1139 |   3707 |   4 | 1410.2 |
  Orcish Mines |   1834 |   1725 |    109 |     45 |   1374 |   2 |  917.0 |
      Gauntlet |    249 |    249 |      0 |    117 |     49 |   1 |  249.0 |
               +--------+--------+--------+--------+--------+-----+--------+

Top non-repeatable levels by time:
Spider:1: 2316 daAuts
Spider:3: 2086 daAuts
  Lair:4: 2068 daAuts
     D:9: 1980 daAuts
  Lair:3: 1886 daAuts
     D:6: 1642 daAuts
    D:14: 1589 daAuts
     D:7: 1471 daAuts
     D:5: 1404 daAuts
  Lair:2: 1322 daAuts
   Orc:2: 1306 daAuts
     D:2: 1284 daAuts
    D:13: 1261 daAuts
     D:4: 1220 daAuts
    D:10: 1198 daAuts
